 Dungeon Crawl Stone Soup version 0.29.0-4-gdea44cf6ec (webtiles) character file.

Game seed: 17735130279898158205

76 qw the Chopper (level 4, 0/26 HPs)
             Began as a Tengu Warper on Aug 28, 2022.
             Slain by a gnoll
             ... wielding a +0 whip
              (4 damage)
             ... on level 3 of the Dungeon.
             The game lasted 00:00:14 (2725 turns).

qw the Chopper (Tengu Warper)                       Turns: 2725, Time: 00:00:15

Health: 0/26       AC: 12    Str: 13    XL:     4   Next: 32%
Magic:  8/8        EV:  5    Int: 14    God:
Gold:   113        SH:  4    Dex: 13    Spells: 7/7 levels left

rFire   . . .      SeeInvis .   Y - +0 hand axe
rCold   . . .      Faith    .   a - +0 buckler
rNeg    . . .      Spirit   .   h - +0 chain mail
rPois   .          Reflect  .   (helmet restricted)
rElec   .          Harm     .   (no cloak)
rCorr   .          Rampage  .   (no gloves)
Will    .....                   (boots unavailable)
Stlth   ..........              (no amulet)
HPRegen 0.08/turn               k - +4 ring of protection
MPRegen 0.11/turn               (no ring)

@: no status effects
A: beak, talons 3
a: no special abilities


You were on level 3 of the Dungeon.
You visited 1 branch of the dungeon, and saw 3 of its levels.

You collected 113 gold pieces.


Innate Abilities, Weirdness & Mutations

You have a beak for a mouth.
You have claws for feet.


   Skills:
 - Level 2.0 Fighting
 + Level 4.6 Axes
 - Level 1.0 Throwing
 - Level 1.1 Armour
 - Level 2.1 Dodging
 - Level 1.0 Shields
 - Level 2.0 Spellcasting
 - Level 2.4 Translocations


You had 7 spell levels left.
You didn't know any spells.
Your spell library contained the following spells:

 Spells                   Type           Power      Damage    Failure   Level
 Blink                    Tloc           16%        N/A       100%        2
 Gell's Gravitas          Tloc           8%         N/A       100%        3
 Lesser Beckoning         Tloc           8%         N/A       100%        3
 Teleport Other           Tloc           8%         N/A       100%        3
 Manifold Assault         Tloc           8%         N/A       100%        5

Inventory:

Hand Weapons
 d - a +0 whip
 Y - a +0 hand axe (weapon)
Armour
 a - a +0 buckler (worn)
 h - a +0 chain mail (worn)
Jewellery
 k - a +4 ring of protection (left hand)
Scrolls
 b - a scroll of acquirement {unknown}
Potions
 c - a potion of might {unknown}
 e - a potion of flight {unknown}
 f - 4 potions of lignification {unknown}
 g - 2 potions of degeneration {unknown}
 j - a potion of curing
 l - a potion of cancellation {unknown}

Dungeon Overview and Level Annotations

Branches:
Dungeon (3/15)

Altars:
Elyvilon
Hepliaklqana
Makhleb
Xom


Message History

You barely miss the bat. You claw the bat.
You kill the bat!
You start resting.
HP restored. 3 gnolls come into view.
A gnoll is wielding a +1 flail of draining.
The gnoll shouts! x3; You hear a shout!
The teleport trap disappears.
The gnoll disappears!
A gnoll comes into view. It is wielding a +0 flail.
The gnoll moves out of view.
You see here a bat corpse. 2 gnolls come into view.
A gnoll is wielding a +2 halberd of freezing.
The gnoll shouts! x2
The gnoll hits you but does no damage.
You closely miss the gnoll. You claw the gnoll, but do no damage.
You barely miss the gnoll. The gnoll hits you but does no damage.
A gnoll comes into view. It is wielding a +0 club.
You block the gnoll's attack.
The gnoll shouts!
You hit the gnoll but do no damage. You hit the gnoll.
You hit the gnoll but do no damage. The gnoll barely misses you.
The gnoll hits you from afar with a +2 halberd of freezing.
The gnoll freezes you. The gnoll hits you but does no damage.
The gnoll hits you with a +0 whip. The gnoll hits you but does no damage.
The gnoll hits you with a +0 spear. You block the gnoll's attack. x2
You hit the gnoll. Your kick misses the gnoll.
The gnoll is heavily wounded.
You hit the gnoll but do no damage. You barely miss the gnoll.
You hit the gnoll. The gnoll hits you with a +0 flail.
The gnoll barely misses you. You block the gnoll's attack.
The gnoll hits you but does no damage. The gnoll barely misses you.
You hit the gnoll.
The gnoll is almost dead.
You hit the gnoll. x3
The gnoll hits you with a +0 flail. The gnoll hits you with a +0 whip.
You die...

#####.....# ..
##########.##.####.# #
.......# #.##......#####
.......# #.#####.#......
.......###.# ###........
.......##..###.........#
.......##...............
..........## #..gg.....#
...........# #..@.g.....
.......##%.###..gg.g...#
#########...:%..........
##.###.......... #..
..#.......#
#####.#.####### #.#..
#.###. #.# ..


You could see 6 gnolls.

Vanquished Creatures
  An adder (D:2)
  2 worms (D:2)
  5 ball pythons
  5 endoplasms
  5 giant cockroaches
  A goblin (D:1)
  7 hobgoblins
  3 jackals
  5 quokkas
  6 bats
  A frilled lizard (D:1)
  4 kobolds
  7 rats
52 creatures vanquished.

Notes
Turn   | Place    | Note
-------+----------+-------------------------------------------
     0 | D:1      | qw the Tengu Warper began the quest for the Orb.
     0 | D:1      | Reached XP level 1. HP: 12/12 MP: 4/4
     0 | D:1      | 0 ||| qw: Version: 0.1-a-89-g26bdef1
     0 | D:1      | 0 ||| qw: Game counter: 425
     0 | D:1      | 0 ||| qw: Always use a shield: true
     0 | D:1      | 0 ||| qw: God list: Okawaru
     0 | D:1      | 0 ||| qw: Allow faded altars: false
     0 | D:1      | 0 ||| qw: Do Orc after D:15 true
     0 | D:1      | 0 ||| qw: Do second Lair branch before Depths: true
     0 | D:1      | 0 ||| qw: Lair rune preference: random
     0 | D:1      | 0 ||| qw: Plans: Normal
     0 | D:1      | 0 ||| PLANNING D:1-11
    37 | D:1      | You fall into a shaft and drop 1 floor!
   143 | D:2      | 143 ||| Stepping ~*~*~tactically~*~*~ (stealth).
   150 | D:2      | Reached skill level 3 in Axes
   150 | D:2      | Reached XP level 2. HP: 11/17 MP: 6/6
   645 | D:2      | Reached XP level 3. HP: 20/21 MP: 7/7
   747 | D:2      | 747 ||| DROPPING orb of guile.
   748 | D:2      | 748 ||| DROPPING scroll of blinking.
   761 | D:1      | Found a faded altar of an unknown god.
   957 | D:1      | Reached skill level 4 in Axes
  1874 | D:1      | 1874 ||| UPGRADING to +0 ring mail.
  1884 | D:1      | 1884 ||| DROPPING +0 leather armour.
  1885 | D:1      | 1885 ||| UPGRADING to +0 chain mail.
  1895 | D:1      | 1895 ||| DROPPING +0 ring mail.
  1896 | D:1      | 1896 ||| UPGRADING to +4 ring of protection.
  1897 | D:1      | 1897 ||| READING scroll labelled LAGHECR ZYOHESM.
  1898 | D:1      | 1898 ||| READING scroll labelled GOETRU YNWIR.
  1899 | D:1      | 1899 ||| READING scroll labelled UCYAKIS FASH.
  1902 | D:1      | 1902 ||| DRINKING 2 glowing brown potions.
  2047 | D:2      | Reached XP level 4. HP: 26/26 MP: 8/8
  2347 | D:2      | 2347 ||| UPGRADING to +0 buckler.
  2352 | D:2      | 2352 ||| READING 3 scrolls labelled UTIAMI FIPRE.
  2353 | D:2      | 2353 ||| DROPPING 2 scrolls of fear.
  2487 | D:3      | Identified the +5 dagger "Beastslayer" {speed, rCorr Int+7
                  | Dex-2}
  2646 | D:3      | Found a white marble altar of Elyvilon.
  2647 | D:3      | Found a burning altar of Makhleb.
  2647 | D:3      | Found a shimmering altar of Xom.
  2648 | D:3      | Found a hazy altar of Hepliaklqana.
  2694 | D:3      | Reached skill level 1 in Shields
  2725 | D:3      | HP: 4/26 [gnoll/+0 flail (6)]
  2725 | D:3      | Slain by a gnoll

Levels and vault maps discovered:
D:1:      nicolae_arrival_memento_mori, layout_basic,
          shapermc_ecumenical_altar_starsandcircs
D:2:      layout_basic, st_stairs_14
D:3:      layout_basic, chequers_temple_overflow_statue_of_worship

Skill      XL: |  1  2  3  4 |
---------------+-------------+-----
Axes           | 3 4 |  4.6
Shields        | 1 |  1.0
Fighting       | |  2.0
Throwing       | |  1.0
Armour         | |  1.1
Dodging        | |  2.1
Spellcasting   | |  2.0
Translocations | |  2.4

Action                   |  1- 3 |  4- 6 || total
-------------------------+-------+-------++-------
Melee: Hand axe          |    98 |    40 ||   138
       Kick              |    24 |    12 ||    36
       Peck              |    14 |     5 ||    19
       Punch             |     1 |       ||     1
Throw: Boomerang         |     7 |       ||     7
  Use: Scroll            |     3 |     1 ||     4
       Potion            |     1 |       ||     1
Armor: Leather armour    |    18 |       ||    18
       Chain mail        |     2 |    29 ||    31
Dodge: Dodged            |    48 |    11 ||    59
Block: Buckler           |       |    10 ||    10

Table legend:
 A = Non-vault XP
 B = Vault XP
 C = Vault XP percentage of total XP
 D = Non-vault monster count
 E = Vault monster count
 F = Vault count percentage of total count
                 A         B        C        D         E       F
            +---------+---------+-------+---------+---------+-------
      Total |     107 |       2 |   1.8 |      51 |       1 |   1.9
            +---------+---------+-------+---------+---------+-------
        D:1 |      40 |       0 |   0.0 |      25 |       0 |   0.0
        D:2 |      43 |       2 |   4.4 |      14 |       1 |   6.7
        D:3 |      24 |       0 |   0.0 |      12 |       0 |   0.0
            +---------+---------+-------+---------+---------+-------
